 Dungeon Crawl Stone Soup version 0.29-a0-111-gbaf749a769 (webtiles) character file.

Game seed: 3964023784237127666

86 drugrobin the Skirmisher (level 4, 0/40 HPs)
             Began as a Demigod Warper on Feb 18, 2022.
             Slain by Natasha (5 damage)
             ... on level 2 of the Dungeon.
             The game lasted 00:06:55 (3274 turns).

drugrobin the Skirmisher (Demigod Warper)           Turns: 3274, Time: 00:06:56

Health: 0/40       AC:  3    Str: 16      XL:     4   Next: 5%
Magic:  9/9        EV: 11    Int: 14 (15) God:
Gold:   195        SH:  0    Dex: 11 (13) Spells: 4/6 levels left

rFire   . . .      SeeInvis .   a - +0 spear
rCold   . . .      Faith    .   (no shield)
rNeg    + . .      Spirit   .   n - +0 leather armour
rPois   .          Reflect  .   (no helmet)
rElec   .          Harm     .   (no cloak)
rCorr   .          Rampage  .   (no gloves)
Will    .....                   (no boots)
Stlth   +.........              (no amulet)
HPRegen 0.13/turn               o - ring of flight
MPRegen 0.11/turn               i - ring of positive energy

@: flying, slowed, very slow
A: high MP 1, forlorn, divine attributes
a: no special abilities


You were on level 2 of the Dungeon.
You visited 1 branch of the dungeon, and saw 3 of its levels.

You collected 195 gold pieces.

Inventory:

Hand Weapons
 a - a +0 spear (weapon)
 b - a +0 hunting sling
Missiles
 d - 4 boomerangs of dispersal
 e - 56 bolts
 k - 42 arrows
 l - 144 stones (quivered)
 q - 3 boomerangs
 t - 9 poisoned darts
Armour
 j - a +0 kite shield
 n - a +0 leather armour (worn)
 r - a +0 pair of gloves
Jewellery
 i - a ring of positive energy (right hand)
 o - a ring of flight (left hand)
Scrolls
 c - 2 scrolls of blinking
 f - a scroll of identify {unknown}
 h - 2 scrolls of teleportation {unknown}
 s - a scroll of silence {unknown}
Potions
 g - 2 potions of curing {unknown}
 m - a potion of lignification {unknown}
 p - a potion of attraction {unknown}


   Skills:
 + Level 4.2 Fighting
 - Level 1.7 Polearms
 - Level 0.8 Throwing
 - Level 0.8 Armour
 - Level 1.7 Dodging
 - Level 1.7 Spellcasting
 - Level 2.6 Translocations


You had 4 spell levels left.
You knew the following spells:

 Your Spells              Type           Power      Damage    Failure   Level
a - Blink                 Tloc           16%        N/A       16%         2

Your spell library contained the following spells:

 Spells                   Type           Power      Damage    Failure   Level
 Beastly Appendage        Tmut           2%         N/A       30%         1
 Gell's Gravitas          Tloc           8%         N/A       30%         3
 Lesser Beckoning         Tloc           8%         N/A       30%         3
 Teleport Other           Tloc           8%         N/A       30%         3
 Wereblood                Tmut           1%         N/A       41%         2
 Portal Projectile        Hex/Tloc       8%         N/A       45%         3
 Call Canine Familiar     Summ           1%         N/A       65%         3
 Spider Form              Tmut/Pois      1%         N/A       65%         3
 Leda's Liquefaction      Hex/Erth       0%         N/A       96%         4
 Manifold Assault         Tloc           8%         N/A       95%         5


Dungeon Overview and Level Annotations

Branches:
Dungeon (3/15)

Annotations:
D:2 Natasha


Innate Abilities, Weirdness & Mutations

You have an increased reservoir of magic. (+10% MP)
You shall have no god before yourself.
Your divine heritage dramatically boosts your attributes as you level up.


Message History

The magic dart hits you.
Unknown command.
Unknown command.
Okay, then.
Unknown command.
Okay, then.
You aren't carrying any items that you can evoke.
You miss Natasha. Natasha casts a spell at you. You resist with some effort.
Natasha closely misses you.
Unknown command.
You closely miss Natasha. Natasha claws you.
Unknown command.
You hit Natasha.
Natasha is moderately wounded.
Natasha claws you. Natasha claws you!
Unknown command.
You hit Natasha.
Natasha is severely wounded.
Natasha stares at you and mumbles some strange words.
You resist with some effort.
Unknown command.
You barely miss Natasha.
Natasha is severely wounded.
Natasha casts a spell.
Natasha claws you!
* * * LOW HITPOINT WARNING * * *
Unknown command.
You barely miss Natasha.
Natasha is severely wounded.
The shadow imp disappears in a puff of smoke!
Natasha claws you but does no damage.
Unknown command.
Unknown command.
You hit Natasha.
Natasha is severely wounded.
The crimson imp blinks!
Natasha claws you.
* * * LOW HITPOINT WARNING * * *
Natasha claws you.
You die...

#.# ##..... #.# ####.. #.#
#.. ####.# ##. ##._..#
######. ##...### ####......
#..### ######....###.#
##.#######.............#
#####..##§h@...#####.......#
##...#..5.§###### #.......#
##..........## #.......#
#.......>....# #........
#.........<..# #.......#
#............# #.......#
##..........## #.......#
##...##...## #.......#
########## #########


You could see Natasha and a crimson imp (summoned).

Vanquished Creatures
  Natasha (D:3)
  An adder (D:2)
  An orc (D:3)
  5 endoplasms
  5 giant cockroaches
  9 goblins
  2 jackals (D:2)
  A quokka (D:1)
  4 ball pythons
  3 bats
  2 frilled lizards
  6 kobolds
  5 rats
45 creatures vanquished.

Notes
Turn   | Place    | Note
-------+----------+-------------------------------------------
     0 | D:1      | drugrobin the Demigod Warper began the quest for the Orb.
     0 | D:1      | Reached XP level 1. HP: 17/17 MP: 5/5
    36 | D:1      | Reached skill level 2 in Fighting
   483 | D:1      | Reached XP level 2. HP: 21/25 MP: 7/7
   653 | D:1      | Learned a level 2 spell: Blink
  1000 | D:1      | Reached skill level 3 in Fighting
  1355 | D:2      | Reached XP level 3. HP: 31/31 MP: 8/8
  2168 | D:3      | Noticed Natasha
  2178 | D:3      | Killed Natasha
  2179 | D:3      | Reached skill level 4 in Fighting
  2432 | D:3      | Reached XP level 4. HP: 40/40 MP: 9/9
  2536 | D:3      | Noticed a phantom
  3252 | D:3      | Noticed Natasha
  3274 | D:2      | Slain by Natasha

Illustrated notes

Levels and vault maps discovered:
D:1:      dpeg_arrival_long_road, layout_loops_ring
D:2:      layout_rooms, basic_ecumenical_altar
D:3:      kennysheep_six_static_rooms, layout_rooms, nemelex_dance_club_becter,
          jmf_multi_god_temple, uniq_natasha, uniq_terence, uniq_sigmund

Skill      XL: |  1  2  3 |
---------------+----------+-----
Fighting       | 2 3 4 |  4.2
Polearms       | |  1.7
Throwing       | |  0.8
Armour         | |  0.8
Dodging        | |  1.7
Spellcasting   | |  1.7
Translocations | |  2.6

Action                   |  1- 3 |  4- 6 || total
-------------------------+-------+-------++-------
Melee: Spear             |   138 |    31 ||   169
       Punch             |     1 |       ||     1
 Fire: Hunting sling     |    28 |     9 ||    37
Throw: Boomerang         |     1 |       ||     1
 Cast: Blink             |     4 |     3 ||     7
  Use: Potion            |     2 |       ||     2
Armor: Leather armour    |    26 |    16 ||    42
Dodge: Dodged            |    79 |    29 ||   108

Table legend: (Time is in decaauts)
 A = Elapsed time spent in this place.
 B = Non-inter-level travel time spent in this place.
 C = Inter-level travel time spent in this place.
 D = Time resting spent in this place.
 E = Time spent auto-exploring this place.
 F = Levels seen in this place.
 G = Mean time per level.
                   A        B        C        D        E       F      G
               +--------+--------+--------+--------+--------+-----+--------+
         Total |   3278 |   3142 |    136 |    980 |   1459 |   3 | 1092.7 |
       Dungeon |   3278 |   3142 |    136 |    980 |   1459 |   3 | 1092.7 |
               +--------+--------+--------+--------+--------+-----+--------+

Top non-repeatable levels by time:
     D:2: 1537 daAuts
     D:1: 1255 daAuts
     D:3: 485 daAuts
